 Dungeon Crawl Stone Soup version 0.31-a0-232-gb1c03b2570 (webtiles) character file.

Game seed: 1612507567457491457

106 qw the Shooter (level 4, -6/26 HPs)
             Began as a Gargoyle Hexslinger on July 7, 2023.
             Killed from afar by an orc wizard (10 damage)
             ... with a magic dart
             ... on level 3 of the Dungeon.
             The game lasted 00:00:48 (1808 turns).

qw the Shooter (Gargoyle Hexslinger)                Turns: 1808, Time: 00:00:48

Health: -6/26      AC:  7    Str: 12    XL:     4   Next: 84%
Magic:  5/5        EV: 16    Int: 13    God:
Gold:   31         SH:  0    Dex: 14    Spells: 4/5 levels left

rFire   . . .        Y - +1 sling
rCold   . . .        (no shield)
rNeg    + . .        m - +0 leather armour
rPois   inf          (no helmet)
rElec   +            (no cloak)
rCorr   .            g - +0 pair of gloves
SInv    .            (no boots)
Will    .....        (no amulet)
Stlth   +            j - +5 ring of evasion
HPRegen 0.24/turn    (no ring)
MPRegen 0.09/turn

%: no passive effects
@: no status effects
A: sickness immunity, AC +3, negative energy resistance 1, electricity
resistance, torment resistance 1, petrification resistance
a: no special abilities


You were on level 3 of the Dungeon.
You visited 1 branch of the dungeon, and saw 3 of its levels.

You collected 139 gold pieces.
You spent 108 gold pieces at shops.


Innate Abilities, Weirdness & Mutations

You are immune to sickness and miasma.
Your stone body is resilient. (AC +3)
You are immune to poison.
You resist negative energy. (rN+)
You are resistant to electric shocks. (rElec)
You are resistant to unholy torment.
You are immune to petrification.


   Skills:
 - Level 2.0 Fighting
 + Level 4.5 Ranged Weapons
 - Level 1.5 Dodging
 - Level 1.0 Spellcasting
 - Level 2.6 Hexes


You had 4 spell levels left.
You knew the following spells:

 Your Spells              Type           Power      Damage    Failure   Level
a - Slow                  Hex            28%        N/A       12%         1

Your spell library contained the following spells:

 Spells                   Type           Power      Damage    Failure   Level
 Inner Flame              Hex/Fire       4%         N/A       52%         3
 Portal Projectile        Hex/Tloc       8%         N/A       52%         3
 Cause Fear               Hex            3%         N/A       75%         4

Inventory:

Hand Weapons
 Y - a +1 sling (weapon)
Armour
 g - a +0 pair of gloves (worn)
 m - a +0 leather armour (worn)
Jewellery
 j - a +5 ring of evasion (left hand)
 k - a ring of ice
Scrolls
 i - 6 scrolls of identify
Potions
 a - 2 potions of resistance {unknown}
 b - 2 potions of heal wounds {unknown}
 d - a potion of curing {unknown}
 e - a potion of enlightenment {unknown}
 f - a potion of degeneration {unknown}
 h - a potion of berserk rage {unknown}
 n - a potion of lignification {unknown}

Dungeon Overview and Level Annotations

Branches:
Dungeon (3/15)

Altars:

Shops:
D:1 ?   D:3 [?([


Message History

You shoot a sling bullet. The sling bullet hits the orc.
You kill the orc!
The orc closely misses you. The orc misses you.
Something hits you but does no damage.
You shoot a sling bullet. The sling bullet barely misses the orc.
The orc completely misses you. Something barely misses you.
The orc hits you with a +0 club.
You shoot a sling bullet. The sling bullet barely misses the orc.
The orc hits you with a +0 club. Something hits you but does no damage.
The orc hits you but does no damage. The orc barely misses you.
Something hits you. The orc completely misses you.
You shoot a sling bullet.
The sling bullet completely misses the orc.
The orc misses you. Something hits you but does no damage.
The orc completely misses you.
You shoot a sling bullet.
The sling bullet completely misses the orc.
The orc closely misses you. The orc misses you.
Something hits you but does no damage.
You shoot a sling bullet. The sling bullet hits the orc.
The orc is almost dead.
The orc closely misses you.
You hear some strange, mumbled words.
Something tries to affect you, but you resist.
The orc barely misses you.
You shoot a sling bullet. The sling bullet barely misses the orc.
The orc hits you but does no damage. Something hits you but does no damage.
The orc misses you. x2; Something barely misses you.
The orc hits you but does no damage.
You shoot a sling bullet.
The sling bullet closely misses the orc.
An orc wizard appears from thin air!
Reactivating autopickup.
The orc completely misses you. The orc hits you but does no damage.
The orc wizard hits you but does no damage.
You shoot a sling bullet. The sling bullet barely misses the orc.
The orc hits you with a +0 club.
The orc wizard points at you and mumbles some strange words.
The magic dart hits you!
You die...

##....#.# #..#..#.#
#....#.# #.<...#.#
#......# ###.###.. .
##...### ####.##### ..
#.<.#####.......##
#..####.........%.....##
....?............#.##.##
......oo......%....##.##
......o@.........#.##.##
...####)........##.##.#
#.#.#####.......#
#.###.# ####.#### ## ##
#.##### #.##... #.##.##
#.##\## #......


You could see an orc wizard and 2 orcs.

Vanquished Creatures
  4 adders
  2 worms
  A dart slug (D:2)
  4 orcs
  5 bats
  7 endoplasms (D:2)
  3 giant cockroaches
  4 goblins
  4 hobgoblins
  6 jackals
  A quokka (D:1)
  4 ball pythons
  4 frilled lizards
  3 kobolds
  2 rats
54 creatures vanquished.

Notes
Turn   | Place    | Note
-------+----------+-------------------------------------------
     0 | D:1      | qw the Gargoyle Hexslinger began the quest for the Orb.
     0 | D:1      | Reached XP level 1. HP: 12/12 MP: 2/2
     0 | D:1      | 0 ||| qw: Version: 0.3-a-46-gb1f654a
     0 | D:1      | 0 ||| qw: Game counter: 2798
     0 | D:1      | 0 ||| qw: Melee chars always use a shield: true
     0 | D:1      | 0 ||| qw: God list: Okawaru
     0 | D:1      | 0 ||| qw: Allow faded altars: false
     0 | D:1      | 0 ||| qw: Do Orc after clearing Dungeon:15 true
     0 | D:1      | 0 ||| qw: Do second Lair branch before Depths: true
     0 | D:1      | 0 ||| qw: Lair rune preference: random
     0 | D:1      | 0 ||| qw: Goals: Normal
     0 | D:1      | 0 ||| PLANNING D:1-11
   164 | D:1      | Reached XP level 2. HP: 16/16 MP: 3/3
   290 | D:1      | Reached skill level 3 in Ranged Weapons
   363 | D:1      | Found Qilexas's Magic Scroll Emporium.
   367 | D:1      | 367 ||| BUYING scroll of identify (28 gold).
   367 | D:1      | Bought a scroll of identify for 28 gold pieces
   367 | D:1      | 367 ||| SHOPLISTING scroll of identify (28 gold, have 10).
   367 | D:1      | 367 ||| SHOPLISTING scroll of teleportation (42 gold, have
                  | 10).
   612 | D:1      | 612 ||| UPGRADING to +0 pair of gloves.
   617 | D:1      | 617 ||| UPGRADING to +5 ring of evasion.
   618 | D:1      | 618 ||| READING scroll labelled ZONGASUIFI.
   619 | D:1      | 619 ||| READING scroll labelled UMEPTA QAINO.
   620 | D:1      | 620 ||| DROPPING scroll of poison.
   765 | D:2      | Reached XP level 3. HP: 21/21 MP: 4/4
   922 | D:2      | 922 ||| FLEEEEING.
   923 | D:2      | 923 ||| FLEEEEING.
   924 | D:2      | 924 ||| FLEEEEING.
   925 | D:2      | 925 ||| FLEEEEING.
   926 | D:2      | 926 ||| FLEEEEING.
   927 | D:2      | 927 ||| FLEEEEING.
   928 | D:2      | 928 ||| FLEEEEING.
   931 | D:2      | 931 ||| FLEEEEING.
   932 | D:2      | 932 ||| FLEEEEING.
   933 | D:2      | 933 ||| FLEEEEING.
   934 | D:2      | 934 ||| FLEEEEING.
   935 | D:2      | 935 ||| FLEEEEING.
   936 | D:2      | 936 ||| STAIRDANCE
   960 | D:1      | 960 ||| READING scroll labelled FYESA XEFOLAN.
  1109 | D:2      | Reached XP level 4. HP: 26/26 MP: 5/5
  1157 | D:2      | Reached skill level 4 in Ranged Weapons
  1465 | D:2      | 1465 ||| UPGRADING to +0 leather armour.
  1475 | D:2      | 1475 ||| DROPPING +0 robe.
  1476 | D:2      | 1476 ||| DROPPING ring of magical power.
  1477 | D:2      | 1477 ||| READING scroll labelled USCHIDI NAVVI.
  1480 | D:2      | 1480 ||| READING 2 scrolls of identify.
  1480 | D:2      | 1480 ||| IDENTIFYING coppery potion
  1481 | D:2      | 1481 ||| DROPPING potion of magic.
  1546 | D:3      | Found Gyggekh's Antique Armour Shoppe.
  1551 | D:3      | 1551 ||| SHOPLISTING dyed leather armour (160 gold, have
                  | 87).
  1595 | D:3      | Found Otsixoiv's Antique Armour Shoppe.
  1603 | D:3      | 1603 ||| SHOPLISTING glowing ring mail (189 gold, have 87).
  1603 | D:3      | 1603 ||| SHOPLISTING ring mail (108 gold, have 87).
  1603 | D:3      | 1603 ||| SHOPLISTING runed leather armour (135 gold, have
                  | 87).
  1620 | D:3      | Found Ijeoz's Magic Scroll Shop.
  1621 | D:3      | Found Qustassimo's Antique Weapon Shoppe.
  1625 | D:3      | 1625 ||| BUYING scroll of identify (20 gold).
  1625 | D:3      | Bought a scroll of identify for 20 gold pieces
  1625 | D:3      | 1625 ||| BUYING scroll of identify (20 gold).
  1625 | D:3      | Bought a scroll of identify for 20 gold pieces
  1625 | D:3      | 1625 ||| BUYING scroll of identify (20 gold).
  1625 | D:3      | Bought a scroll of identify for 20 gold pieces
  1625 | D:3      | 1625 ||| BUYING scroll of identify (20 gold).
  1625 | D:3      | Bought a scroll of identify for 20 gold pieces
  1625 | D:3      | 1625 ||| SHOPLISTING scroll of identify (20 gold, have 18).
  1625 | D:3      | 1625 ||| SHOPLISTING scroll of teleportation (30 gold, have
                  | 18).
  1627 | D:3      | 1627 ||| SHOPLISTING polished sling (201 gold, have 18).
  1802 | D:3      | HP: 4/26 [orc/+0 club (5)]
  1808 | D:3      | HP: 4/26 [orc/+0 club (1)]
  1808 | D:3      | Killed from afar by an orc wizard

Levels and vault maps discovered:
D:1:      spicycebolla_green_bress_n_ham, layout_basic, serial_shops,
          nicolae_shop_back_alley_shop, grunt_decor_junction,
          minmay_statues_item
D:2:      layout_basic, minivault_14, guppyfry_early_orc_mine
D:3:      layout_loops_cross, serial_shops, shop, shop, shop, shop, shop,
          uniq_jessica

Skill      XL: |  1  2  3  4 |
---------------+-------------+-----
Ranged Weapons | 3 4 |  4.5
Fighting       | 2 |  2.0
Dodging        | |  1.5
Spellcasting   | |  1.0
Hexes          | |  2.6

Action                     |  1- 3 |  4- 6 || total
---------------------------+-------+-------++-------
   Fire: Sling             |    97 |    85 ||   182
    Use: Scroll            |     3 |     2 ||     5
 Armour: Robe              |     5 |     5 ||    10
         Leather armour    |       |    31 ||    31
  Dodge: Dodged            |    47 |    90 ||   137

Table legend:
 A = Non-vault XP
 B = Vault XP
 C = Vault XP percentage of total XP
 D = Non-vault monster count
 E = Vault monster count
 F = Vault count percentage of total count
                 A         B        C        D         E       F
            +---------+---------+-------+---------+---------+-------
      Total |     135 |      17 |  11.2 |      47 |       7 |  13.0
            +---------+---------+-------+---------+---------+-------
        D:1 |      21 |       0 |   0.0 |      14 |       0 |   0.0
        D:2 |      81 |      17 |  17.3 |      24 |       7 |  22.6
        D:3 |      33 |       0 |   0.0 |       9 |       0 |   0.0
            +---------+---------+-------+---------+---------+-------
